 Dungeon Crawl Stone Soup version 0.26.1-11-gd32895ea62 (webtiles) character file.

Game seed: 2143109957925564768

31 nightchill the Sneak (level 3, -2/20 HPs)
             Began as a Kobold Enchanter on July 19, 2021.
             Slain by an adder (3 damage)
             ... on level 2 of the Dungeon.
             The game lasted 00:05:30 (1495 turns).

nightchill the Sneak (Kobold Enchanter)             Turns: 1495, Time: 00:05:31

Health: -2/20      AC:  2    Str:  6    XL:     3   Next: 40%
Magic:  0/6        EV: 15    Int: 16    God:
Gold:   58         SH:  0    Dex: 15    Spells: 3/6 levels left

rFire    . . .     SeeInvis .   a - +1 dagger
rCold    . . .     Faith    .   (shield restricted)
rNeg     . . .     Spirit   .   b - +0 robe
rPois    .         Reflect  .   (no helmet)
rElec    .         Harm     .   (no cloak)
rCorr    .         Rampage  .   (no gloves)
Will     .....                  (no boots)
Stlth    ++++......             (no amulet)
HPRegen  0.06/turn              (no ring)
MPRegen  0.10/turn              (no ring)

@: no status effects
A: small, nightstalker 3
a: no special abilities


You were on level 2 of the Dungeon.
You visited 1 branch of the dungeon, and saw 2 of its levels.

You collected 58 gold pieces.

Inventory:

Hand Weapons
 a - a +1 dagger (weapon)
Missiles
 c - 52 stones
Armour
 b - a +0 robe (worn)
Jewellery
 m - a cursed -4 ring of dexterity {unknown}
Scrolls
 e - a scroll of blinking {unknown}
 f - a scroll of identify {unknown}
 g - a scroll of immolation {unknown}
 j - a scroll of remove curse {unknown}
 l - a scroll of fog {unknown}
Potions
 d - a potion of ambrosia
 h - a potion of magic {unknown}


   Skills:
 + Level 1.1 Fighting
 * Level 2.6 Short Blades
 - Level 2.4 Dodging
 + Level 4.3 Stealth
 - Level 2.1 Spellcasting
 * Level 3.4 Hexes


You had 3 spell levels left.
You knew the following spells:

 Your Spells              Type           Power        Failure   Level
a - Corona                Hex            13%          4%          1
b - Ensorcelled Hibernat  Hex/Ice        14%          16%         2

Your spell library contained the following spells:

 Spells                   Type           Power        Failure   Level
 Confusing Touch          Hex            12%          16%         3
 Tukima's Dance           Hex            12%          16%         3
 Dazzling Flash           Conj/Hex       14%          30%         3


Dungeon Overview and Level Annotations

Branches:
Dungeon (2/15)

Altars:


Innate Abilities, Weirdness & Mutations

You are small and have problems with some larger weapons.
You are completely attuned to the shadows.


Message History

The adder is moderately wounded.
The adder completely misses you. The adder bites you.
* * * LOW HITPOINT WARNING * * *
You miss the adder.
The adder is moderately wounded.
The adder bites you.
* * * LOW HITPOINT WARNING * * *
You closely miss the adder.
The adder is moderately wounded.
The adder bites you.
* * * LOW HITPOINT WARNING * * *
Your magical contamination has completely faded away.
You miss the adder.
The adder is moderately wounded.
The adder bites you.
* * * LOW HITPOINT WARNING * * *
You miss the adder.
The adder is moderately wounded.
The adder bites you.
You die...

.####....รท.....#.........#
.......#######.#########<#
######.# #.# #.# #.# #.#
#.# #####.## #.# #.#
.......######.## #.#
##..#.........##
###...#..........###
....#.#........@S...
##...#.............
##..#.............
#............####
#.#........#.# #.#.#######
#.


You could see an adder.

Vanquished Creatures
  An adder (D:2)
  2 oozes (D:1)
  A giant cockroach (D:1)
  A goblin (D:1)
  3 hobgoblins
  A ball python (D:1)
  A bat (D:2)
  3 frilled lizards
  2 kobolds (D:1)
  A rat (D:1)
16 creatures vanquished.

Notes
Turn   | Place    | Note
-------+----------+-------------------------------------------
     0 | D:1      | nightchill the Kobold Enchanter began the quest for the
                  | Orb.
     0 | D:1      | Reached XP level 1. HP: 10/10 MP: 3/3
   283 | D:1      | Reached XP level 2. HP: 16/16 MP: 5/5
   287 | D:1      | Learned a level 2 spell: Ensorcelled Hibernation
  1028 | D:2      | Reached XP level 3. HP: 16/20 MP: 1/6
  1116 | D:2      | Reached skill level 1 in Fighting
  1494 | D:2      | HP: 1/20 [adder (1)]
  1495 | D:2      | Slain by an adder

Illustrated notes

Levels and vault maps discovered:
D:1:      psy_arrival_radial01, layout_loops_ring
D:2:      minmay_chambers_of_ones, layout_loops_ring,
          gammafunk_temple_overflow_arena, minmay_distorted

Skill      XL: |  1  2  3 |
---------------+----------+-----
Short Blades   | 2 |  2.6
Fighting       | 1 |  1.1
Dodging        | |  2.4
Stealth        | |  4.3
Spellcasting   | |  2.1
Hexes          | |  3.4

Action                   || total
-------------------------++-------
Melee: Dagger            ||    70
 Cast: Ensorcelled Hiber ||    13
       Corona            ||     5
  Use: Potion            ||     4
 Stab: Sleeping          ||     7
Armor: Robe              ||    11
Dodge: Dodged            ||    71
